 Dungeon Sprint DCSS version 0.27.1-33-g824d729ab1 (webtiles) character file.

Game seed: 2952419746041430330

1182 manyhoops the Imperceptible (level 8, 0/36 HPs)
             Began as a Spriggan Enchanter on Nov 28, 2021.
             Was an Initiate of Dithmenos.
             Slain by a deep troll (12 damage)
             ... in the Dungeon (Sprint I: "Red Sonja").
             The game lasted 00:01:56 (500 turns).

manyhoops the Imperceptible (Spriggan Enchanter)     Turns: 500, Time: 00:01:57

Health: 0/36       AC:  2    Str:  4    XL:     8   Next: 19%
Magic:  13/13      EV: 17    Int: 16    God:    Dithmenos [......]
Gold:   414        SH:  0    Dex: 18    Spells: 3/12 levels left

rFire    . . .     SeeInvis +   a - +1 dagger
rCold    . . .     Faith    .   (shield restricted)
rNeg     . . .     Spirit   .   b - +0 robe
rPois    .         Reflect  .   (helmet restricted)
rElec    .         Harm     .   (no cloak)
rCorr    .         Rampage  .   (gloves unavailable)
Will     +....     NoTele   +   (boots unavailable)
Stlth    +++++++++.             (no amulet)
HPRegen  0.12/turn              (no ring)
MPRegen  0.13/turn              (no ring)

@: very quick
A: very small, no large weapons, unfitting armour, see invisible, speed 3
a: Renounce Religion


You were in the Dungeon.
You worshipped Dithmenos.
Dithmenos was noncommittal.
You visited 1 branch You collected 414 gold pieces.

Inventory:

Hand Weapons
 a - a +1 dagger (weapon)
Armour
 b - a +0 robe (worn)
Wands
 g - a wand of flame (24)
Scrolls
 h - a scroll of blinking
 i - a scroll of magic mapping {unknown}
Potions
 c - a potion of curing
 d - a potion of heal wounds
 e - a potion of haste
 f - 2 potions of magic


   Skills:
 - Level 1.1 Short Blades
 - Level 2.6 Dodging
 - Level 24.2 Stealth
 + Level 2.6 Spellcasting
 + Level 3.6 Hexes


You had 3 spell levels left.
You knew the following spells:

 Your Spells              Type           Power      Damage    Failure   Level
a - Corona                Hex            14%        N/A       4%          1
b - Confusing Touch       Hex            13%        N/A       13%         3
c - Tukima's Dance        Hex            13%        N/A       13%         3
d - Ensorcelled Hibernat  Hex/Ice        14%        N/A       14%         2

Your spell library contained the following spells:

 Spells                   Type           Power      Damage    Failure   Level
 Dazzling Flash           Conj/Hex       14%        N/A       28%         3
 Portal Projectile        Hex/Tloc       14%        N/A       28%         3
 Blade Hands              Tmut           1%         N/A       99%         5
 Excruciating Wounds      Necr           1%         N/A       99%         5


Dungeon Overview and Level Annotations

Branches:
Dungeon (1/1)

Altars:
Cheibriados
Dithmenos
Elyvilon
Fedhas
Gozag
Hepliaklqana
Kikubaaqudgha
Makhleb
Nemelex Xobeh
Okawaru
Qazlal
Ru
Sif Muna
Trog
Uskayaw
Vehumet
Wu Jian
Xom
Yredelemnul
Zin
The Shining One
Jiyva
Lugonu

Shops:
D :(


Innate Abilities, Weirdness & Mutations

You are very small and have problems with some larger weapons.
You are too small for most types of armour.
You have supernaturally acute eyesight. (SInv)
You cover ground extremely quickly. (Speed+++)


Message History

You have reached level 8!
Things that are here:
a +0 short sword of distortion; 4 curare-tipped darts You now have 333 gold pieces (gained 27).
You open the door.
You now have 360 gold pieces (gained 27).
There is an open door here.
Found Edwihij's Book Boutique.
There is an entrance to Edwihij's Book Boutique here.
Okay, then.
There is an open door here.
There is an open door here.
There is an open door here.
There is a hazy altar of Hepliaklqana, spattered with blood here.
There is an opulent altar of Gozag here.
There is a snail-covered altar of Cheibriados here.
There is a sacrificial altar of Ru here.
There is a shadowy altar of Dithmenos here.
You kneel at the altar of Dithmenos.
Dithmenos welcomes you!
There is a hide-covered altar of Uskayaw here.
There is a hazy altar of Hepliaklqana, spattered with blood here.
There is an open door here.
There is an open door here.
You now have 387 gold pieces (gained 27).
You now have 414 gold pieces (gained 27).
You open the door.
A deep troll comes into view.
Found 108 gold pieces.
There is an open door here.
You see here 27 gold pieces.
The deep troll barely misses you. The deep troll claws you!
The deep troll completely misses you.
You see here 27 gold pieces.
You hit the deep troll but do no damage.
The deep troll bites you. The deep troll claws you.
The deep troll closely misses you.
You closely miss the deep troll. The deep troll bites you.
The deep troll claws you!
You die...

#..#####'#####'#__#
#..####..#...#.####
#..#__####..##.#
#..#_____##'#_.+
#⌠⌠#_.∩...'..._#
####_..__##_.#'#
#_____###'#.#
############.####+###
#∩........'...'$@T$$+
###++++####.).#######
##.## #+#


You could see a deep troll.

Vanquished Creatures
  Sonja (D)
  A slime creature (D)
  Sigmund (D)
  A yak (D)
  An ogre (D)
  A jelly (D)
  Ijyb (D)
7 creatures vanquished.

Vanquished Creatures (others)
  A gargoyle (D)
1 creature vanquished.

Grand Total: 8 creatures vanquished

Notes
Turn   | Place    | Note
-------+----------+-------------------------------------------
     0 | D        | manyhoops the Spriggan Enchanter began the quest for the
                  | Orb.
     0 | D        | Reached XP level 1. HP: 9/9 MP: 5/5
     1 | D        | Noticed Ijyb
    12 | D        | Killed Ijyb
    13 | D        | Reached skill level 10 in Stealth
    13 | D        | Reached XP level 2. HP: 13/13 MP: 6/6
   147 | D        | Noticed an ogre
   150 | D        | Killed an ogre
   151 | D        | Reached skill level 14 in Stealth
   151 | D        | Reached XP level 3. HP: 16/16 MP: 8/8
   151 | D        | Reached XP level 4. HP: 21/21 MP: 9/9
   160 | D        | Noticed Sigmund
   163 | D        | Killed Sigmund
   164 | D        | Reached skill level 17 in Stealth
   164 | D        | Reached XP level 5. HP: 24/24 MP: 10/10
   169 | D        | Learned a level 3 spell: Confusing Touch
   173 | D        | Learned a level 3 spell: Tukima's Dance
   176 | D        | Learned a level 2 spell: Ensorcelled Hibernation
   186 | D        | Found an ornate altar of the Wu Jian Council.
   186 | D        | Found a shimmering blue altar of Sif Muna.
   188 | D        | Found a radiant altar of Vehumet.
   193 | D        | Reached skill level 18 in Stealth
   193 | D        | Reached XP level 6. HP: 28/28 MP: 11/11
   195 | D        | Found Leovups's Antique Weapon Emporium.
   195 | D        | Found an ancient bone altar of Kikubaaqudgha.
   195 | D        | Found a hazy altar of Hepliaklqana.
   195 | D        | Found a stormy altar of Qazlal.
   195 | D        | Found a hide-covered altar of Uskayaw.
   195 | D        | Found a blossoming altar of Fedhas.
   195 | D        | Found a bloodstained altar of Trog.
   195 | D        | Found an iron altar of Okawaru.
   195 | D        | Found a basalt altar of Yredelemnul.
   195 | D        | Found a glowing golden altar of the Shining One.
   195 | D        | Found a snail-covered altar of Cheibriados.
   195 | D        | Found a sacrificial altar of Ru.
   195 | D        | Found a glowing silver altar of Zin.
   195 | D        | Found a shadowy altar of Dithmenos.
   195 | D        | Found a white marble altar of Elyvilon.
   195 | D        | Noticed a yak
   195 | D        | Killed a gargoyle
   196 | D        | Found an opulent altar of Gozag.
   197 | D        | Killed a yak
   198 | D        | Reached skill level 20 in Stealth
   198 | D        | Found a sparkling altar of Nemelex Xobeh.
   239 | D        | Found a viscous altar of Jiyva.
   239 | D        | Found a corrupted altar of Lugonu.
   239 | D        | Noticed a slime creature
   240 | D        | Found a burning altar of Makhleb.
   240 | D        | Found a shimmering altar of Xom.
   259 | D        | Killed a slime creature
   260 | D        | Reached skill level 21 in Stealth
   260 | D        | Reached XP level 7. HP: 15/32 MP: 0/12
   435 | D        | Noticed Sonja
   439 | D        | Killed Sonja
   440 | D        | Reached skill level 24 in Stealth
   440 | D        | Reached XP level 8. HP: 36/36 MP: 13/13
   449 | D        | Found Edwihij's Book Boutique.
   478 | D        | Became a worshipper of Dithmenos the Shadowed
   495 | D        | Noticed a deep troll
   500 | D        | Slain by a deep troll

Illustrated notes

Levels and vault maps discovered:
D:        dungeon_sprint_1 [red_sonja_temple_1, red_sonja_temple_small_1]

Skill      XL: |  1  2  3  4  5  6  7 |
---------------+----------------------+-----
Stealth        | 10 14 17 18 21 24 | 24.2
Short Blades   | |  1.1
Dodging        | |  2.6
Spellcasting   | |  2.6
Hexes          | |  3.6

Action                   |  1- 3 |  4- 6 |  7- 9 || total
-------------------------+-------+-------+-------++-------
Melee: Dagger            |     9 |     4 |     3 ||    16
 Cast: Ensorcelled Hiber |       |     6 |       ||     6
  Use: Potion            |     1 |       |       ||     1
 Stab: Sleeping          |     1 |     4 |     1 ||     6
Armor: Robe              |     1 |       |       ||     1
Dodge: Dodged            |     5 |     3 |     3 ||    11
